cohdb
Replays
Latest Replays
All Replays
Popular Replays
Top Player Replays
Match Explorer
How It Works
Community
CoH3 Stats
Reddit
Sign in to upload your games and track your stats! →
Sign in with Steam
Match 44436906
Unlisted
Match 44436906
Overview
Messages
Build Orders
End
Royal Engineer Section
Construct Section Command Post
Selects Canadian Shock Battlegroup
Dingo Light Scout Car
Infantry Section
Royal Engineer Section
Selects Offensive Resupply
Infantry Section
Construct Platoon Command Post
Selects Canadian Shock Section
Selects Incendiary Munitions
Humber Armored Car
6-pounder Anti-tank Gun Team
Infantry Section
Selects Pyrotechnics
TiGER01
咚咚锵个腿
0
0
Comments
sign in to comment!
No comments posted yet!